 Dungeon Crawl Stone Soup version 0.24-a0-203-gf0bc1e94ae (webtiles) character file.

Game seed: 16250529245887391609

471 HYPERHYPER the Covered (level 6, -4/56 HPs)
             Began as a Minotaur Fighter on Mar 28, 2019.
             Was an Initiate of Gozag.
             Slain by a purple ugly thing (12 damage)
             ... on level 5 of the Dungeon.
             The game lasted 00:02:08 (3272 turns).

HYPERHYPER the Covered (Minotaur Fighter)           Turns: 3272, Time: 00:02:08

Health: -4/56      AC:  8    Str: 28    XL:     6   Next: 83%
Magic:  5/5        EV:  9    Int:  5    God:    Gozag
Gold:   429        SH: 10    Dex:  9    Spells: 5/5 levels left

rFire    . . .     SeeInvis .   a - +0 war axe
rCold    . . .     Gourm    .   c - +0 shield
rNeg     . . .     Faith    .   b - +0 scale mail
rPois    .         Spirit   .   (helmet restricted)
rElec    .         Reflect  .   p - +0 cloak
rCorr    .         Harm     .   (no gloves)
MR       .....                  (no boots)
Stlth    ..........             (no amulet)
HPRegen  0.18/turn              (no ring)
MPRegen  0.09/turn              (no ring)

@: mighty
A: retaliatory headbutt, horns 2
a: Potion Petition, Call Merchant, Bribe Branch, Renounce Religion


You were on level 5 of the Dungeon.
You worshipped Gozag.
Gozag was aware of your devotion.
You were not hungry.

You visited 1 branch of the dungeon, and saw 5 of its levels.

You collected 544 gold pieces.
You paid 115 gold pieces to Gozag.

Inventory:

Hand Weapons
 a - a +0 war axe (weapon)
Missiles
 f - 2 throwing nets (quivered)
Armour
 b - a +0 scale mail (worn)
 c - a +0 shield (worn)
 p - a +0 cloak (worn)
   (You found it on level 2 of the Dungeon)
Wands
 l - a wand of iceblast (12)
   (You found it on level 2 of the Dungeon)
Scrolls
 g - a scroll of magic mapping
 h - 2 scrolls of immolation
 m - a scroll of enchant weapon
 n - a scroll of fog
 q - a scroll of enchant armour
 t - 3 scrolls of teleportation
Potions
 d - a potion of might
 j - a potion of magic {unknown}
 k - a potion of mutation {unknown}
 o - 2 potions of resistance {unknown}
 s - 2 potions of curing {unknown}
 u - 2 potions of heal wounds {unknown}
 v - 2 potions of degeneration {unknown}
Comestibles
 e - 8 rations


   Skills:
 * Level 5.2 Fighting
 * Level 5.2 Axes
 * Level 5.3 Armour
 + Level 2.8 Dodging
 + Level 4.8 Shields


You had 5 spell levels left.
You didn't know any spells.
Your spell library was empty.

Dungeon Overview and Level Annotations

Branches:
Dungeon (5/15)
 Temple: D:4-7

Altars:
Elyvilon
Gozag
Qazlal
Zin


Innate Abilities, Weirdness & Mutations

You reflexively headbutt those who attack you in melee.
You have a pair of horns on your head.


Message History

You block the purple ugly thing's attack.
The purple ugly thing stings you!
You closely miss the purple ugly thing.
The purple ugly thing is severely wounded.
You block the purple ugly thing's attack.
You closely miss the purple ugly thing.
Your headbutt misses the purple ugly thing.
The purple ugly thing is heavily wounded.
You block the purple ugly thing's attack.
You hit the purple ugly thing.
The purple ugly thing is severely wounded.
The purple ugly thing stings you!
* * * LOW HITPOINT WARNING * * *
You closely miss the purple ugly thing.
Your headbutt misses the purple ugly thing.
The purple ugly thing is severely wounded.
You block the purple ugly thing's attack.
The purple ugly thing stings you!
You die...
Your body crumbles into a pile of gold.

#######.#######
......(........
#
#######.#######
#. #.# #.. #.#
#...########.#
#..........#=#
.......(.....#
#.....u@...###
#..........#
#...#.####.#
#.. #. #.# #$ #
#.# #.# #.# #.#


You could see a purple ugly thing.

Vanquished Creatures
  An orc priest (D:3)
  A centaur skeleton (D:4)
  A hound (D:4)
  Crazy Yiuf (D:4)
  Natasha (thrice) (D:4)
  Terence (D:2)
  An iguana (D:3)
  A worker ant (D:5)
  Robin (D:4)
  A worker ant zombie (D:4)
  7 adders (D:2)
  A shadow imp (D:3)
  An ooze (D:1)
  3 worms
  3 leopard geckos
  15 orcs
  2 bats
  2 giant cockroaches
  11 goblins
  6 hobgoblins
  13 jackals
  4 kobolds
  A quokka (D:2)
  6 frilled lizards
  6 rats
93 creatures vanquished.

Vanquished Creatures (others)
  A quokka (D:3)
1 creature vanquished.

Grand Total: 94 creatures vanquished

Notes
Turn   | Place    | Note
-------+----------+-------------------------------------------
     0 | D:1      | HYPERHYPER the Minotaur Fighter began the quest for the
                  | Orb.
     0 | D:1      | Reached XP level 1. HP: 19/19 MP: 0/0
    39 | D:1      | Reached XP level 2. HP: 24/27 MP: 1/1
   350 | D:1      | Reached skill level 1 in Dodging
   405 | D:1      | Reached XP level 3. HP: 33/33 MP: 2/2
   887 | D:2      | Reached XP level 4. HP: 35/40 MP: 3/3
   973 | D:2      | Found a stormy altar of Qazlal.
  1307 | D:2      | Noticed Terence
  1315 | D:2      | Killed Terence
  1453 | D:2      | Reached XP level 5. HP: 46/46 MP: 4/4
  1567 | D:3      | Found an opulent altar of Gozag.
  1670 | D:3      | Became a worshipper of Gozag Ym Sagoz the Greedy
  1811 | D:3      | HP: 2/47 [iguana (10)]
  2170 | D:3      | Found a white marble altar of Elyvilon.
  2211 | D:3      | Found a glowing silver altar of Zin.
  2508 | D:4      | Noticed Robin
  2514 | D:4      | Reached XP level 6. HP: 50/53 MP: 5/5
  2522 | D:4      | Killed Robin
  2657 | D:4      | Noticed Natasha
  2662 | D:4      | Killed Natasha
  2686 | D:4      | Reached skill level 5 in Armour
  2708 | D:4      | Noticed Natasha
  2716 | D:4      | Reached skill level 5 in Axes
  2717 | D:4      | Killed Natasha
  2717 | D:4      | Reached skill level 5 in Fighting
  2930 | D:4      | Noticed Natasha
  2935 | D:4      | Killed Natasha
  3082 | D:4      | Found a runed translucent door.
  3083 | D:4      | Noticed Crazy Yiuf
  3144 | D:4      | Killed Crazy Yiuf
  3209 | D:5      | Entered Level 5 of the Dungeon
  3257 | D:5      | Noticed a purple ugly thing
  3272 | D:5      | Slain by a purple ugly thing

Levels and vault maps discovered:
D:1:      dpeg_arrival_ratfight, layout_rooms, minivault_24,
          minmay_misc_feat_encased
D:2:      layout_basic, nicolae_qazlal_eye_of_the_storm, first_ration,
          uniq_terence
D:3:      layout_rooms, zin_treasury, elyvilon_altar_4,
          nicolae_gozag_cash_rules_everything_around_me
D:4:      layout_basic, uniq_robin, uniq_natasha, uniq_crazy_yiuf_cottage
D:5:      layout_basic, hangedman_feature_mirror

Skill      XL: |  1  2  3  4  5  6 |
---------------+-------------------+-----
Axes           | 3 4 5 |  5.2
Dodging        | 1 2 |  2.8
Shields        | 4 |  4.8
Armour         | 4 5 |  5.3
Fighting       | 4 5 |  5.2

Action                   |  1- 3 |  4- 6 || total
-------------------------+-------+-------++-------
Melee: War axe           |    75 |   151 ||   226
       Headbutt          |     5 |    27 ||    32
       Unarmed           |       |     1 ||     1
  Use: Scroll            |       |     9 ||     9
       Potion            |       |     1 ||     1
 Stab: Distracted        |       |     1 ||     1
  Eat: Chunk             |       |     3 ||     3
       Ration            |       |     2 ||     2
Armor: Scale mail        |    45 |    60 ||   105
Dodge: Dodged            |    34 |    45 ||    79
Block: Shield            |    36 |    78 ||   114

Table legend:
 A = Non-vault XP
 B = Vault XP
 C = Vault XP percentage of total XP
 D = Non-vault monster count
 E = Vault monster count
 F = Vault count percentage of total count
                 A         B        C        D         E       F
            +---------+---------+-------+---------+---------+-------
      Total |     527 |     147 |  21.8 |      79 |      14 |  15.1
            +---------+---------+-------+---------+---------+-------
        D:1 |      48 |       0 |   0.0 |      25 |       0 |   0.0
        D:2 |     112 |      36 |  24.3 |      15 |       1 |   6.2
        D:3 |     156 |       0 |   0.0 |      29 |       0 |   0.0
        D:4 |     175 |     111 |  38.8 |       8 |      13 |  61.9
        D:5 |      36 |       0 |   0.0 |       2 |       0 |   0.0
            +---------+---------+-------+---------+---------+-------
